TOP OF THE 1ST |
Boston Rebels batting - Pitching for Baffin Island Beavers : RHP Thierry Garneau
|
Pitching: RHP Thierry Garneau
|
|
Batting: LHB Bill Wilson
|
0-0: Ball 1-0: Called Strike 1-1: Ground out 4-3 (Groundball, 34)
|
Batting: SHB Álex Rosado
|
0-0: Ball 1-0: Called Strike 1-1: Fly out, F3 (Popup, 3S)
|
Batting: LHB Bill Wilson
|
0-0: Called Strike 0-1: SINGLE (Line Drive, 78S)
|
Batting: RHB Wilson Gómez
|
0-0: Fielders Choice at 2nd, U6 (Groundball, 6M)
|
Top of the 1st over - 0 run(s), 1 hit(s), 0 error(s), 1 left on base; Boston 0 - Baffin Island 0 |
BOTTOM OF THE 1ST |
Baffin Island Beavers batting - Pitching for Boston Rebels : LHP Luis Valentín
|
Pitching: LHP Luis Valentín
|
|
Batting: LHB Chris Bates
|
0-0: Called Strike 0-1: Ball 1-1: Foul Ball, location: 2F 1-2: Strikes out swinging
|
Batting: RHB Bill Mark
|
0-0: SINGLE (Line Drive, 6M)
|
Batting: RHB Jorge Morales
|
0-0: Ball 1-0: Swinging Strike 1-1: Ball 2-1: Foul Ball, location: 2F 2-2: Hit by Pitch Bill Mark to second
|
Batting: RHB Tony Morton
|
0-0: Ball Bill Mark is caught stealing 3rd base Jorge Morales to second 1-0: Ball 2-0: Called Strike 2-1: Swinging Strike 2-2: Fly out, F9 (Flyball, 9M)
|
Bottom of the 1st over - 0 run(s), 1 hit(s), 0 error(s), 1 left on base; Boston 0 - Baffin Island 0 |
TOP OF THE 2ND |
Boston Rebels batting - Pitching for Baffin Island Beavers : RHP Thierry Garneau
|
Batting: LHB Jeff Gordon
|
0-0: Foul Ball, location: 2F 0-1: Ball 1-1: Foul Ball, location: 2F 1-2: Fly out, F6 (Popup, 6)
|
Batting: RHB Ronnie Brown
|
0-0: Ball 1-0: Ball 2-0: Swinging Strike 2-1: Called Strike 2-2: Foul Ball, location: 2F 2-2: Ball 3-2: Ground out 4-3 (Groundball, 4M)
|
Batting: LHB Stanley Mullins
|
0-0: Ball 1-0: Called Strike 1-1: Ball 2-1: Foul Ball, location: 2F 2-2: Ball 3-2: Base on Balls
|
Batting: LHB Tony Ramírez
|
0-0: Ball 1-0: Ball 2-0: Called Strike 2-1: Fly out, F8 (Line Drive, 8LM)
|
Top of the 2nd over - 0 run(s), 0 hit(s), 0 error(s), 1 left on base; Boston 0 - Baffin Island 0 |
BOTTOM OF THE 2ND |
Baffin Island Beavers batting - Pitching for Boston Rebels : LHP Luis Valentín
|
Batting: SHB Alonso Ferreira
|
0-0: Ball 1-0: Fly out, F8 (Flyball, 8RXD)
|
Batting: LHB Jeff Cole
|
0-0: Ground out U3 (Groundball, 3)
|
Batting: RHB Bryan Sandstrom
|
0-0: Ball 1-0: Called Strike 1-1: Foul Ball, location: 2F 1-2: DOUBLE (Line Drive, 8LXD)
|
Batting: LHB Jerry Bryan
|
0-0: Ball 1-0: Ball 2-0: Ball 3-0: Swinging Strike 3-1: Foul Ball, location: 2F 3-2: Strikes out swinging
|
Bottom of the 2nd over - 0 run(s), 1 hit(s), 0 error(s), 1 left on base; Boston 0 - Baffin Island 0 |
TOP OF THE 3RD |
Boston Rebels batting - Pitching for Baffin Island Beavers : RHP Thierry Garneau
|
Batting: RHB Rubén Matos
|
0-0: Called Strike 0-1: Fly out, F8 (Flyball, 8RM)
|
Batting: LHB Bill Wilson
|
0-0: Ball 1-0: Fly out, F7 (Line Drive, 7M)
|
Batting: SHB Álex Rosado
|
0-0: Called Strike 0-1: Called Strike 0-2: Fly out, F9 (Flyball, 89D)
|
Top of the 3rd over - 0 run(s), 0 hit(s), 0 error(s), 0 left on base; Boston 0 - Baffin Island 0 |
BOTTOM OF THE 3RD |
Baffin Island Beavers batting - Pitching for Boston Rebels : LHP Luis Valentín
|
Batting: LHB Keng-chi Lao
|
0-0: Called Strike 0-1: SINGLE (Groundball, 56)
|
Batting: LHB Chris Bates
|
0-0: SINGLE (Groundball, 3L) Keng-chi Lao to second Runner from 2nd tries for 3rd, OUT! Chris Bates to second
|
Batting: RHB Bill Mark
|
0-0: Called Strike 0-1: Ball 1-1: Ground out 5-3 (Groundball, 5L)
|
Batting: RHB Jorge Morales
|
0-0: Swinging Strike 0-1: Swinging Strike 0-2: Strikes out looking
|
Bottom of the 3rd over - 0 run(s), 2 hit(s), 0 error(s), 1 left on base; Boston 0 - Baffin Island 0 |
TOP OF THE 4TH |
Boston Rebels batting - Pitching for Baffin Island Beavers : RHP Thierry Garneau
|
Batting: LHB Bill Wilson
|
0-0: Ball 1-0: Foul Ball, location: 2F 1-1: SINGLE (Line Drive, 78S)
|
Batting: RHB Wilson Gómez
|
0-0: Ball 1-0: Ball 2-0: Grounds into double play, 5-4-3 (Groundball, 5)
|
Batting: LHB Jeff Gordon
|
0-0: Ball 1-0: Foul Ball, location: 2F 1-1: SINGLE (Groundball, 6MD)
|
Batting: RHB Ronnie Brown
|
0-0: Swinging Strike 0-1: Called Strike 0-2: Ball 1-2: Strikes out looking
|
Top of the 4th over - 0 run(s), 2 hit(s), 0 error(s), 1 left on base; Boston 0 - Baffin Island 0 |
BOTTOM OF THE 4TH |
Baffin Island Beavers batting - Pitching for Boston Rebels : LHP Luis Valentín
|
Batting: RHB Tony Morton
|
0-0: Ball 1-0: Foul Ball, location: 2F 1-1: Foul Ball, location: 2F 1-2: Ground out 4-3 (Groundball, 4)
|
Batting: SHB Alonso Ferreira
|
0-0: Ball 1-0: Foul Ball, location: 2F 1-1: Ball 2-1: Foul Ball, location: 2F 2-2: Foul Ball, location: 2F 2-2: Foul Ball, location: 2F 2-2: Foul Ball, location: 2F 2-2: Foul Ball, location: 2F 2-2: Foul Ball, location: 2F 2-2: Ground out 4-3 (Groundball, 4M)
|
Batting: LHB Jeff Cole
|
0-0: Called Strike 0-1: Ball 1-1: Ball 2-1: Ball 3-1: Base on Balls
|
Batting: RHB Bryan Sandstrom
|
0-0: Ball 1-0: Called Strike 1-1: Ball 2-1: Foul Ball, location: 2F 2-2: Foul Ball, location: 2F 2-2: Foul Ball, location: 2F 2-2: Fly out, F4 (Popup, 4M)
|
Bottom of the 4th over - 0 run(s), 0 hit(s), 0 error(s), 1 left on base; Boston 0 - Baffin Island 0 |
TOP OF THE 5TH |
Boston Rebels batting - Pitching for Baffin Island Beavers : RHP Thierry Garneau
|
Batting: LHB Stanley Mullins
|
0-0: Called Strike 0-1: Ball 1-1: Ball 2-1: Foul Ball, location: 2F 2-2: Ground out 4-3 (Groundball, 4)
|
Batting: LHB Tony Ramírez
|
0-0: Called Strike 0-1: Ball 1-1: Ball 2-1: Ball 3-1: Ground out 4-3 (Groundball, 34)
|
Batting: RHB Rubén Matos
|
0-0: Fly out, F9 (Flyball, 89S)
|
Top of the 5th over - 0 run(s), 0 hit(s), 0 error(s), 0 left on base; Boston 0 - Baffin Island 0 |
BOTTOM OF THE 5TH |
Baffin Island Beavers batting - Pitching for Boston Rebels : LHP Luis Valentín
|
Batting: LHB Jerry Bryan
|
0-0: Foul Ball, location: 2F 0-1: Swinging Strike 0-2: Foul Ball, location: 2F 0-2: Foul Ball, location: 2F 0-2: Strikes out swinging
|
Batting: LHB Keng-chi Lao
|
0-0: Ball 1-0: Called Strike 1-1: Ball 2-1: DOUBLE (Flyball, 9LM)
|
Batting: LHB Chris Bates
|
0-0: Ball Wild Pitch! Keng-chi Lao to third 1-0: Called Strike 1-1: Ball 2-1: Foul Ball, location: 2F 2-2: Ball 3-2: Ground out 5-3 (Groundball, 56S)
|
Batting: RHB Bill Mark
|
0-0: Ball 1-0: Called Strike 1-1: Foul Ball, location: 2F 1-2: DOUBLE (Flyball, 9LD) Keng-chi Lao scores
|
Batting: RHB Jorge Morales
|
0-0: Called Strike 0-1: 2-RUN HOME RUN (Flyball, 7D), Distance : 426 ft
|
Batting: RHB Tony Morton
|
0-0: Foul Ball, location: 2F 0-1: Called Strike 0-2: Strikes out swinging
|
Bottom of the 5th over - 3 run(s), 3 hit(s), 0 error(s), 0 left on base; Boston 0 - Baffin Island 3 |
TOP OF THE 6TH |
Boston Rebels batting - Pitching for Baffin Island Beavers : RHP Thierry Garneau
|
Batting: LHB Bill Wilson
|
0-0: Foul Ball, location: 2F 0-1: Ground out 6-3 (Groundball, 6)
|
Batting: SHB Álex Rosado
|
0-0: Ball 1-0: Fly out, F5 (Popup, 6)
|
Batting: LHB Bill Wilson
|
0-0: Fly out, F8 (Line Drive, 8LD)
|
Top of the 6th over - 0 run(s), 0 hit(s), 0 error(s), 0 left on base; Boston 0 - Baffin Island 3 |
|
|
BOTTOM OF THE 6TH |
Baffin Island Beavers batting - Pitching for Boston Rebels : LHP Luis Valentín
|
Pitching: RHP Lorenzo Vargas
|
|
Batting: SHB Alonso Ferreira
|
0-0: Ball 1-0: Foul Ball, location: 2F 1-1: Ball 2-1: Ball 3-1: Base on Balls
|
Batting: LHB Jeff Cole
|
0-0: Swinging Strike 0-1: Foul Ball, location: 2F 0-2: Ball 1-2: Foul Ball, location: 2F 1-2: Ball 2-2: Strikes out swinging
|
Batting: RHB Bryan Sandstrom
|
0-0: Foul Ball, location: 2F 0-1: Ball 1-1: Ball 2-1: Ball 3-1: Base on Balls Alonso Ferreira to second
|
Batting: LHB Jerry Bryan
|
0-0: Ball 1-0: Called Strike 1-1: Swinging Strike 1-2: Foul Ball, location: 2F 1-2: Strikes out swinging
|
Batting: LHB Keng-chi Lao
|
0-0: SINGLE (Groundball, 4M) Alonso Ferreira to third Bryan Sandstrom to second Runner from 3rd tries for Home, SAFE, throw made home Bryan Sandstrom to third Keng-chi Lao to second
|
Batting: LHB Chris Bates
|
0-0: Ball 1-0: Ball 2-0: Ball 3-0: Base on Balls
|
Batting: RHB Bill Mark
|
0-0: Foul Ball, location: 2F 0-1: Fly out, F6 (Popup, 6MD)
|
Bottom of the 6th over - 1 run(s), 1 hit(s), 0 error(s), 3 left on base; Boston 0 - Baffin Island 4 |
TOP OF THE 7TH |
Boston Rebels batting - Pitching for Baffin Island Beavers : RHP Thierry Garneau
|
Batting: RHB Wilson Gómez
|
0-0: Called Strike 0-1: Ball 1-1: Fly out, F6 (Popup, 6S)
|
Batting: LHB Jeff Gordon
|
0-0: Foul Ball, location: 2F 0-1: TRIPLE (Line Drive, 4M)
|
Pitching: RHP António Ramos
|
|
Pinch Runner at 3rd Félix Gómez:
|
|
Batting: RHB Ronnie Brown
|
0-0: SINGLE (Line Drive, 9LS) Félix Gómez scores
|
Batting: LHB Stanley Mullins
|
0-0: Foul Ball, location: 2F 0-1: Called Strike 0-2: Strikes out swinging
|
Batting: LHB Tony Ramírez
|
0-0: Ball 1-0: Called Strike 1-1: Swinging Strike 1-2: Ball Ronnie Brown steals 2nd base 2-2: Strikes out swinging
|
Top of the 7th over - 1 run(s), 2 hit(s), 0 error(s), 1 left on base; Boston 1 - Baffin Island 4 |
BOTTOM OF THE 7TH |
Baffin Island Beavers batting - Pitching for Boston Rebels : RHP Lorenzo Vargas
|
Now in RF: Félix Gómez
|
|
Batting: RHB Jorge Morales
|
0-0: Called Strike 0-1: Swinging Strike 0-2: Ball 1-2: Ball 2-2: Foul Ball, location: 2F 2-2: Foul Ball, location: 2F 2-2: Strikes out swinging
|
Batting: RHB Tony Morton
|
0-0: Ball 1-0: Ball 2-0: Called Strike 2-1: Foul Ball, location: 2F 2-2: Ground out 1-3 (Groundball, 23)
|
Batting: SHB Alonso Ferreira
|
0-0: Called Strike 0-1: Foul Ball, location: 2F 0-2: Strikes out swinging
|
Bottom of the 7th over - 0 run(s), 0 hit(s), 0 error(s), 0 left on base; Boston 1 - Baffin Island 4 |
TOP OF THE 8TH |
Boston Rebels batting - Pitching for Baffin Island Beavers : RHP António Ramos
|
Now at 1B: Naomichi Aoki
|
|
Batting: RHB Rubén Matos
|
0-0: Called Strike 0-1: Called Strike 0-2: Strikes out swinging
|
Batting: LHB Bill Wilson
|
0-0: Ball 1-0: Swinging Strike 1-1: SINGLE (Line Drive, 8LS)
|
Pitching: RHP Bartolo García
|
|
Batting: SHB Álex Rosado
|
0-0: Ball 1-0: Fly out, F6 (Popup, 6MD)
|
Pitching: LHP Ignacio Colón
|
|
Batting: LHB Bill Wilson
|
0-0: Foul Ball, location: 2F 0-1: Foul Ball, location: 2F 0-2: Ball 1-2: Ball 2-2: Ball 3-2: DOUBLE (Flyball, 89D) Bill Wilson to third Bill Wilson scores
|
Pitching: RHP Eduardo Ramos
|
|
Batting: RHB Wilson Gómez
|
0-0: Called Strike 0-1: Foul Ball, location: 2F 0-2: Foul Ball, location: 2F 0-2: Strikes out swinging
|
Top of the 8th over - 1 run(s), 2 hit(s), 0 error(s), 1 left on base; Boston 2 - Baffin Island 4 |
BOTTOM OF THE 8TH |
Baffin Island Beavers batting - Pitching for Boston Rebels : RHP Lorenzo Vargas
|
Pitching: LHP Yoshihiro Hasegawa
|
|
Batting: LHB Jeff Cole
|
0-0: Ball 1-0: DOUBLE (Flyball, 7LD)
|
Batting: RHB Bryan Sandstrom
|
0-0: Ball 1-0: Sac Bunt - play at first, batter OUT! 1-4 Jeff Cole to third
|
Batting: RHB Naomichi Aoki
|
0-0: Called Strike 0-1: Ball 1-1: Ball 2-1: Ball 3-1: Called Strike 3-2: Foul Ball, location: 2F 3-2: Strikes out swinging
|
Batting: LHB Keng-chi Lao
|
0-0: DOUBLE (Flyball, 89D) Jeff Cole scores
|
Batting: LHB Chris Bates
|
0-0: Ball 1-0: Called Strike 1-1: Foul Ball, location: 2F 1-2: Foul Ball, location: 2F 1-2: Strikes out looking
|
Bottom of the 8th over - 1 run(s), 2 hit(s), 0 error(s), 1 left on base; Boston 2 - Baffin Island 5 |
TOP OF THE 9TH |
Boston Rebels batting - Pitching for Baffin Island Beavers : RHP Eduardo Ramos
|
Pitching: LHP Manny Sandoval
|
|
Batting: LHB Félix Gómez
|
0-0: Called Strike 0-1: Ball 1-1: Ball 2-1: Swinging Strike 2-2: Strikes out swinging
|
Batting: RHB Ronnie Brown
|
0-0: Ball 1-0: Foul Ball, location: 2F 1-1: SINGLE (Groundball, 6D)
|
Batting: LHB Stanley Mullins
|
0-0: Ball 1-0: Ball 2-0: Foul Ball, location: 2F 2-1: Foul Ball, location: 2F 2-2: SINGLE (Line Drive, 7S) Ronnie Brown to second
|
Batting: LHB Tony Ramírez
|
0-0: Called Strike 0-1: Foul Ball, location: 2F 0-2: Foul Ball, location: 2F 0-2: Strikes out looking
|
Batting: RHB Rubén Matos
|
0-0: Foul Ball, location: 2F 0-1: SINGLE (Line Drive, 7S) Ronnie Brown to third Stanley Mullins to second Runner from 3rd tries for Home, SAFE, no throw or cutoff
|
Batting: LHB Bill Wilson
|
0-0: Ball 1-0: Ball 2-0: Called Strike 2-1: Foul Ball, location: 2F 2-2: SINGLE (Line Drive, 34D) Stanley Mullins to third Rubén Matos to second Runner from 3rd tries for Home, SAFE, no throw or cutoff
|
Batting: SHB Álex Rosado
|
0-0: Ball 1-0: Ball 2-0: Called Strike 2-1: Foul Ball, location: 2F 2-2: Fly out, F6 (Popup, 8LS)
|
Top of the 9th over - 2 run(s), 4 hit(s), 0 error(s), 2 left on base; Boston 4 - Baffin Island 5 |
|
|